[Event "Titled Tuesday Blitz April 19 Early 2022"]
[White "Mohammadian, Mohammad"]
[Black "Karas, Marek"]
[WhiteFideId "12566055"]
[BlackFideId "14928558"]
[WhiteElo "1544"]
[BlackElo "2271"]
[Result "0-1"]
[Round "01"]
[TimeControl "180+1"]
[Date "2022.04.19"]
[WhiteClock "0:00:02"]
[BlackClock "0:01:09"]

1. e4 c5 2. Nf3 a6 3. d4 cxd4 4. Nxd4 Nf6 5. Nc3 e5 6. Nb3 Bb4 7. Bd3 d5 8. exd5 Nxd5 9. Bd2 Bxc3 10. bxc3 Nc6 11. O-O O-O 12. Re1 Re8 13. Qf3 Nf6 14. Bg5 h6 15. Bxf6 Qxf6 16. Qxf6 gxf6 17. Rad1 Be6 18. h3 Rac8 19. Nc5 Rc7 20. Nxe6 fxe6 21. Rb1 Ne7 22. Rb3 Rec8 23. Reb1 b5 24. a4 bxa4 25. Ra3 Nd5 26. Rxa4 Nxc3 27. Rba1 Nxa4 28. Rxa4 Ra8 29. Ra5 Kg7 30. Kf1 Rd7 31. Ke2 Rd5 32. Rxa6 Rxa6 33. Bxa6 f5 34. c4 Rd6 35. Bb5 Kf6 36. g3 e4 37. h4 Ke5 38. Ke1 Kd4 39. Ke2 e5 40. f3 exf3+ 41. Kxf3 Rf6 42. g4 e4+ 43. Kf4 fxg4+ 44. Kxg4 e3 45. c5 Kxc5 46. Be2 Kd4 47. Kh5 Kc3 48. Kg4 Kd2 49. Bc4 e2 50. Bxe2 Kxe2 51. Kh5 Ke3 0-1


[Site "https://www.chess.com"]

[Event "Titled Tuesday Blitz April 19 Early 2022"]
[White "Mokshanov, Alexey"]
[Black "Araujo Filho, Luiz Antonio Coel"]
[WhiteFideId "24121657"]
[BlackFideId "2130661"]
[WhiteElo "2141"]
[BlackElo "2302"]
[Result "1-0"]
[Round "01"]
[TimeControl "180+1"]
[Date "2022.04.19"]
[WhiteClock "0:00:33"]
[BlackClock "0:00:02"]

1. e4 c6 2. d4 d5 3. e5 Bf5 4. h4 h5 5. c4 e6 6. Nc3 Be7 7. Be2 g6 8. Nf3 Nd7 9. Bg5 dxc4 10. Bxc4 Nb6 11. Bd3 Nh6 12. Ne4 Bxe4 13. Bxe4 Nf5 14. Bxf5 gxf5 15. O-O Nd5 16. g3 Qb6 17. Qd2 O-O-O 18. Rfd1 Rhg8 19. a3 f6 20. exf6 Bxf6 21. Qe2 Rde8 22. Rac1 f4 23. Kh2 Qc7 24. b4 a6 25. a4 Nxb4 26. Bxf6 fxg3+ 27. Kh1 gxf2 28. Be5 Qe7 29. Qxf2 Rg4 30. Bh2 Nd5 31. Qe2 Rf8 32. Rf1 Qd7 33. Qe5 Nf4 34. Ng5 Qe7 35. Rxf4 Rgxf4 36. Bxf4 1-0


[Site "https://www.chess.com"]

[Event "Titled Tuesday Blitz April 19 Early 2022"]
[White "Molina, Roberto Junio Brito"]
[Black "Toncheva, Nadya"]
[WhiteFideId "2109450"]
[BlackFideId "2924056"]
[WhiteElo "2432"]
[BlackElo "1884"]
[Result "1-0"]
[Round "01"]
[TimeControl "180+1"]
[Date "2022.04.19"]
[WhiteClock "0:00:28"]
[BlackClock "0:00:01"]

1. d4 Nf6 2. c4 e6 3. Nf3 c5 4. d5 exd5 5. cxd5 d6 6. Nc3 g6 7. e4 a6 8. h3 b5 9. Bd3 Bg7 10. O-O O-O 11. Bf4 Qb6 12. Qd2 Re8 13. Rfe1 Nbd7 14. a3 c4 15. Bc2 Nc5 16. Be3 Qc7 17. Bd4 Bb7 18. Re2 Nfd7 19. Rae1 Ne5 20. Nxe5 dxe5 21. Be3 Qd6 22. g3 Bc8 23. Kh2 Bd7 24. f4 a5 25. f5 b4 26. Nd1 Reb8 27. axb4 axb4 28. Nf2 Ra2 29. Bb1 c3 30. Qc1 Ra1 31. bxc3 bxc3 32. Qxc3 Rbxb1 33. Rxb1 Rxb1 34. Qxc5 Qa6 35. Qc2 Ra1 36. fxg6 hxg6 37. Qb2 Bb5 38. Rc2 Re1 39. Qc3 Rb1 40. Qc8+ Kh7 41. Qxa6 Bxa6 42. Rd2 Bb5 43. g4 Bf8 44. d6 Bd7 45. Bg5 Rb6 46. Be7 Kg7 47. Bxf8+ Kxf8 48. Kg3 Ke8 49. h4 Be6 50. h5 gxh5 51. gxh5 Kd7 52. h6 f5 53. exf5 Bxf5 54. Ng4 Ke6 55. d7 1-0


[Site "https://www.chess.com"]

[Event "Titled Tuesday Blitz April 19 Early 2022"]
[White "Mortazavi, Ali"]
[Black "Bluebaum, Matthias"]
[WhiteFideId "401323"]
[BlackFideId "24651516"]
[WhiteElo "2339"]
[BlackElo "2550"]
[Result "0-1"]
[Round "01"]
[TimeControl "180+1"]
[Date "2022.04.19"]
[WhiteClock "0:00:13"]
[BlackClock "0:00:27"]

1. Nf3 d5 2. g3 b6 3. Bg2 Bb7 4. O-O e6 5. d3 Nf6 6. Nbd2 Be7 7. a4 O-O 8. a5 b5 9. e4 c5 10. exd5 exd5 11. d4 c4 12. Ne5 a6 13. c3 Nc6 14. Nxc6 Bxc6 15. Nf3 Bd6 16. Ne5 Qc7 17. Re1 Rfe8 18. Bg5 Ne4 19. Bxe4 dxe4 20. Nxc6 Qxc6 21. d5 Qd7 22. Qd4 Qf5 23. Bd2 h5 24. Re2 Re7 25. Rae1 Rae8 26. h4 Qg4 27. Qb6 Qd7 28. Qd4 Qf5 29. Bc1 Re5 30. Rd1 Qg4 31. Rde1 Qf5 32. Rd1 Rd8 33. Bf4 Ree8 34. Bc1 Qg4 35. Rde1 Bxg3 36. fxg3 Qxg3+ 37. Kf1 Re5 38. Rf2 Rdxd5 39. Bf4 Qh3+ 40. Ke2 Rxd4 41. cxd4 Qd3# 0-1


[Site "https://www.chess.com"]

[Event "Titled Tuesday Blitz April 19 Early 2022"]
[White "Moskalenko, Alexander"]
[Black "Shtyka, Sergey"]
[WhiteFideId "4155351"]
[BlackFideId "4138465"]
[WhiteElo "2434"]
[BlackElo "2014"]
[Result "1-0"]
[Round "01"]
[TimeControl "180+1"]
[Date "2022.04.19"]
[WhiteClock "0:01:33"]
[BlackClock "0:00:05"]

1. d3 c5 2. Nf3 Nc6 3. g3 g6 4. Bg2 Bg7 5. O-O d5 6. c3 Nf6 7. a3 O-O 8. b4 cxb4 9. axb4 Bg4 10. b5 Bxf3 11. exf3 Ne5 12. f4 Ned7 13. Ba3 Re8 14. Nd2 e5 15. fxe5 Nxe5 16. Nf3 Nxf3+ 17. Qxf3 a6 18. bxa6 Rxa6 19. Bb4 Rxa1 20. Rxa1 d4 21. c4 b6 22. Qc6 Ng4 23. f4 Ne3 24. Ra7 Nxg2 25. Kxg2 h5 26. Qb7 Qf6 27. Ra8 Rxa8 28. Qxa8+ Kh7 29. Qe4 h4 30. g4 Qd8 31. h3 Qd7 32. f5 Qa4 33. Be1 Qc2+ 34. Bf2 Qd1 35. fxg6+ fxg6 36. g5 Qd2 37. Qxh4+ Kg8 38. Qg3 Qe2 39. Qf3 Qd2 40. h4 Kh7 41. Kh3 Qc1 42. Bg3 Qb1 43. h5 b5 44. h6 bxc4 45. hxg7 Kxg7 46. Be5+ Kg8 47. Qd5+ Kf8 48. Bd6+ Ke8 49. Qe6+ 1-0


[Site "https://www.chess.com"]

[Event "Titled Tuesday Blitz April 19 Early 2022"]
[White "Moskvin, Anatoly"]
[Black "Donchenko, Alexander"]
[WhiteFideId "24199990"]
[BlackFideId "24603295"]
[WhiteElo "2079"]
[BlackElo "2539"]
[Result "0-1"]
[Round "01"]
[TimeControl "180+1"]
[Date "2022.04.19"]
[WhiteClock "0:00:36"]
[BlackClock "0:01:42"]

1. e4 c6 2. c4 d5 3. exd5 cxd5 4. cxd5 Nf6 5. Nc3 Nxd5 6. Nf3 Nc6 7. Bb5 e6 8. O-O Be7 9. d4 O-O 10. Re1 Bf6 11. Ne4 Nce7 12. Bd3 b6 13. Ne5 Bb7 14. a3 Nf5 15. Nxf6+ Nxf6 16. Bxf5 exf5 17. Bg5 h6 18. Bxf6 Qxf6 19. f3 Rfd8 20. Qa4 Rd6 21. Rac1 Qh4 22. Red1 Rad8 23. Qxa7 Rxd4 24. Re1 Rd2 25. Qxb6 Rxg2+ 26. Kxg2 Rd2+ 27. Re2 Rxe2+ 28. Kf1 Qxh2 29. Qg1 Re1+ 0-1


[Site "https://www.chess.com"]

[Event "Titled Tuesday Blitz April 19 Early 2022"]
[White "Murthy, Pappu"]
[Black "Aggelis, Nikolaos"]
[WhiteFideId "2013401"]
[BlackFideId "4213220"]
[WhiteElo "1915"]
[BlackElo "2154"]
[Result "1/2-1/2"]
[Round "01"]
[TimeControl "180+1"]
[Date "2022.04.19"]
[WhiteClock "0:00:08"]
[BlackClock "0:00:10"]

1. c4 Nf6 2. Nc3 d5 3. cxd5 Nxd5 4. g3 Nxc3 5. bxc3 g6 6. Bg2 Bg7 7. Rb1 O-O 8. Rxb7 Bxb7 9. Bxb7 Nd7 10. Bxa8 Qxa8 11. Nf3 Ne5 12. O-O Nxf3+ 13. exf3 Qd5 14. a4 Rd8 15. Re1 e6 16. Qe2 c5 17. Qe4 Qd7 18. Bb2 Qxd2 19. Re2 Qd1+ 20. Kg2 h5 21. h4 Kh7 22. c4 Bd4 23. Qf4 Rd7 24. Rd2 Qxa4 25. Bxd4 cxd4 26. Rxd4 a5 27. Rxd7 Qxd7 28. c5 a4 29. Qc4 Qc6 30. Qb4 Kg7 31. Qb6 Qxb6 32. cxb6 a3 33. b7 a2 34. b8=Q a1=Q 35. Qc7 Kf6 36. Qc8 Kg7 37. Qc7 Qd4 38. Qc8 Qd5 39. Qc7 Qf5 40. Qc3+ Qf6 41. Qc8 Qe7 42. Qc3+ Qf6 43. Qc8 Qe5 44. Qd7 Qd5 45. Qc8 e5 46. Qc3 Qd4 47. Qc6 Qd8 48. Qe4 Qd6 49. Qb7 Kf6 50. Qc8 Qe6 51. Qh8+ Ke7 52. Qh6 f5 53. Qg5+ Qf6 54. Qe3 Kf7 55. Qa7+ Qe7 56. Qa2+ Qe6 57. Qa7+ Kf6 58. Qc7 e4 59. Qd8+ Kf7 60. Qc7+ Kg8 61. Qd8+ Kh7 62. Qc7+ Kg8 63. Qd8+ Kf7 64. Qc7+ Kf6 65. Qd8+ Ke5 66. Qc7+ Qd6 67. Qc3+ Qd4 68. Qc7+ Ke6 69. Qc6+ Qd6 70. Qc4+ Qd5 71. Qc8+ Ke5 72. Qh8+ Kd6 73. Qf6+ Kc5 74. Qxg6 exf3+ 75. Kh2 Qd4 76. Qxf5+ Qd5 77. Qf4 Kc6 78. Qe3 Kd6 79. Kh3 Qf5+ 80. Kh2 Qg4 81. Qd2+ Ke5 82. Qe3+ Qe4 83. Qc5+ Kf6 84. Qf8+ Kg6 85. Qg8+ Kh6 86. Qh8+ Kg6 87. Qg8+ Kf6 88. Qh8+ Ke7 89. Qxh5 Qe2 90. Qg5+ Ke6 91. Qg4+ Ke5 92. Qf4+ Ke6 93. Qe3+ Kf5 94. Qf4+ Ke6 95. Qe3+ Kf5 96. Qf4+ Ke6 1/2-1/2


[Site "https://www.chess.com"]

[Event "Titled Tuesday Blitz April 19 Early 2022"]
[White "Nareks, Matic"]
[Black "Dubov, Daniil"]
[WhiteFideId "14629526"]
[BlackFideId "24126055"]
[WhiteElo "2147"]
[BlackElo "2791"]
[Result "0-1"]
[Round "01"]
[TimeControl "180+1"]
[Date "2022.04.19"]
[WhiteClock "0:00:39"]
[BlackClock "0:01:01"]

1. e4 c6 2. Nf3 d5 3. Nc3 dxe4 4. Nxe4 Nf6 5. Bd3 Nxe4 6. Bxe4 Nd7 7. d4 Nf6 8. Bd3 Bg4 9. c3 e6 10. h3 Bh5 11. O-O Bd6 12. Bg5 h6 13. Bh4 Qc7 14. g4 Bg6 15. Bxg6 fxg6 16. Qd3 Qf7 17. Rae1 Nd5 18. Bg3 O-O 19. Ne5 Bxe5 20. Bxe5 Qf3 21. Qxf3 Rxf3 22. Kg2 Raf8 23. Bg3 R8f6 24. Re4 Rd3 25. Rfe1 Rd2 26. R4e2 Rxe2 27. Rxe2 g5 28. Re4 b5 29. Be5 Rf8 30. Kg3 Kf7 31. f4 gxf4+ 32. Bxf4 a5 33. Bd2 a4 34. b3 Ra8 35. c4 axb3 36. axb3 bxc4 37. bxc4 Ra3+ 38. Kg2 Ra2 39. cxd5 Rxd2+ 40. Kf3 cxd5 41. Rf4+ Ke7 42. h4 g5 43. hxg5 hxg5 44. Ke3 gxf4+ 45. Kxd2 Kf6 46. Ke2 e5 47. dxe5+ Kxe5 48. Kf3 d4 0-1


[Site "https://www.chess.com"]

[Event "Titled Tuesday Blitz April 19 Early 2022"]
[White "Nazari, Arad"]
[Black "Rabineau, Clement"]
[WhiteFideId "12577324"]
[BlackFideId "628891"]
[WhiteElo "2129"]
[BlackElo "2237"]
[Result "1-0"]
[Round "01"]
[TimeControl "180+1"]
[Date "2022.04.19"]
[WhiteClock "0:01:16"]
[BlackClock "0:00:29"]

1. e4 d6 2. d4 g6 3. Nc3 Bg7 4. f4 Nf6 5. e5 dxe5 6. dxe5 Qxd1+ 7. Kxd1 Nh5 8. Be2 Nc6 9. g4 Nxf4 10. Bxf4 Nxe5 11. h3 O-O 12. Nf3 Nxf3 13. Bxf3 c6 14. Ke2 e5 15. Be3 f5 16. gxf5 gxf5 17. Rhg1 e4 18. Bh5 Kh8 19. Bf4 b6 20. Rad1 Ba6+ 21. Ke3 Rad8 22. Rxg7 Kxg7 23. Rg1+ 1-0


[Site "https://www.chess.com"]

[Event "Titled Tuesday Blitz April 19 Early 2022"]
[White "Ning, Kaiyu"]
[Black "Piliczewski, Bogusz"]
[WhiteFideId "8614750"]
[BlackFideId "1104144"]
[WhiteElo "2013"]
[BlackElo "1896"]
[Result "1-0"]
[Round "01"]
[TimeControl "180+1"]
[Date "2022.04.19"]
[WhiteClock "0:00:25"]
[BlackClock "0:00:01"]

1. d4 d5 2. c4 c6 3. Nf3 Nf6 4. e3 e6 5. Nc3 Nbd7 6. Qc2 Bd6 7. Be2 O-O 8. O-O Qc7 9. e4 dxe4 10. Nxe4 Nxe4 11. Qxe4 Nf6 12. Qh4 Qa5 13. c5 Be7 14. Bd2 Qd8 15. Rad1 Nd5 16. Qg3 b6 17. Ne5 Bb7 18. b4 f6 19. Bh6 Rf7 20. Nxf7 Kxf7 21. Qxg7+ Ke8 22. Rfe1 Kd7 23. Bg4 f5 24. Bf3 Qg8 25. Bxd5 cxd5 26. Qe5 Qg6 27. Bf4 Rg8 28. g3 Rc8 29. Rd3 Ba6 30. Rde3 Rc6 31. a4 b5 32. axb5 Bxb5 33. Qb8 a6 34. Ra1 Qe8 35. Qe5 Qg8 36. h4 h5 37. Kh2 Qf7 38. Qh8 Qg6 39. Rae1 Qf7 40. Qh6 1-0


[Site "https://www.chess.com"]

[Event "Titled Tuesday Blitz April 19 Early 2022"]
[White "Nogerbek, Kazybek"]
[Black "Dobre, Claudiu-Cristian"]
[WhiteFideId "13710427"]
[BlackFideId "1211854"]
[WhiteElo "2466"]
[BlackElo "2207"]
[Result "1/2-1/2"]
[Round "01"]
[TimeControl "180+1"]
[Date "2022.04.19"]
[WhiteClock "0:00:17"]
[BlackClock "0:00:08"]

1. c4 Nf6 2. Nf3 c6 3. b3 d5 4. Bb2 Bf5 5. g3 e6 6. Bg2 h6 7. O-O Nbd7 8. d3 Bc5 9. Nbd2 O-O 10. a3 a5 11. Ra2 b5 12. Qa1 Re8 13. Rc1 bxc4 14. bxc4 Qb6 15. Bd4 Bxd4 16. Nxd4 Bg4 17. h3 Bh5 18. Rb1 Qa6 19. cxd5 cxd5 20. f4 Bg6 21. N2f3 Rab8 22. Rxb8 Rxb8 23. Qc1 Rc8 24. Rc2 Rxc2 25. Qxc2 Qb7 26. Kf2 Ne8 27. Qc6 Qxc6 28. Nxc6 a4 29. Nfd4 Kf8 30. Nb5 f6 31. Bf3 Bf7 32. e4 dxe4 33. dxe4 Nc5 34. Ke3 g5 35. e5 gxf4+ 36. gxf4 fxe5 37. fxe5 Ng7 38. Kd4 Nd7 39. Bd1 Nf5+ 40. Kc4 Ne3+ 41. Kb4 Nxd1 42. Kxa4 Bg6 43. Nd6 Bc2+ 44. Kb4 Nf2 45. a4 Bxa4 46. Kxa4 Nxh3 47. Kb4 Nf2 48. Kc4 h5 49. Kd4 h4 50. Ke3 Ng4+ 51. Kf4 h3 52. Kg3 h2 53. Kg2 Ngxe5 54. Nxe5 Nxe5 55. Kxh2 Ng6 56. Ne4 Ke7 57. Kg3 e5 58. Kf3 Ke6 59. Nd2 Kd5 60. Ke3 Nh4 61. Ne4 Nf5+ 62. Kd3 Nd6 63. Nf6+ Ke6 64. Ng4 Nf7 65. Nxe5 1/2-1/2


[Site "https://www.chess.com"]

[Event "Titled Tuesday Blitz April 19 Early 2022"]
[White "Nozdrachev, Leonid"]
[Black "Jobava, Baadur"]
[WhiteFideId "24113433"]
[BlackFideId "13601520"]
[WhiteElo "2242"]
[BlackElo "2617"]
[Result "1-0"]
[Round "01"]
[TimeControl "180+1"]
[Date "2022.04.19"]
[WhiteClock "0:00:06"]
[BlackClock "0:02:16"]

1. e4 c6 2. c4 d5 3. cxd5 cxd5 4. exd5 Nf6 5. Nc3 Nxd5 6. Bc4 Nb6 7. Bb5+ Bd7 8. Qb3 e6 9. d4 Nc6 10. Nf3 Be7 11. O-O O-O 12. Be3 Rc8 13. Bd3 Na5 14. Qc2 Nac4 15. Bxh7+ Kh8 16. Be4 Na4 17. Qe2 Nxc3 18. bxc3 Nd6 19. Ng5 g6 20. Qg4 Kg7 21. Nxf7 Rxf7 22. Qxg6+ Kf8 23. Bh6+ Ke8 24. Qg8+ Bf8 25. Bg6 Qe7 26. d5 Kd8 27. Bxf7 Kc7 28. Bf4 Bh6 29. Bxd6+ Qxd6 30. Qg6 Rh8 31. dxe6 Bc6 32. Rad1 Bd2 33. h3 Qd5 34. Qg3+ Kb6 35. Rxd2 Qxd2 36. Qe3+ Qxe3 37. fxe3 Kc7 38. Rd1 Rh7 39. Kf2 Rg7 40. g4 Rg5 41. Kg3 Re5 42. Kf4 Re4+ 43. Kf5 Rxe3 44. h4 Ba4 45. Rd4 Rf3+ 46. Ke4 Bc6+ 47. Ke5 Rxc3 48. Kf6 Rf3+ 49. Kg7 Kb6 50. g5 Kc5 51. Rg4 Kd6 52. g6 Ke7 53. h5 Rh3 54. h6 Bf3 55. Rf4 Bd5 56. h7 Bxa2 57. h8=Q Rxh8 58. Kxh8 1-0


[Site "https://www.chess.com"]

[Event "Titled Tuesday Blitz April 19 Early 2022"]
[White "Oganian, Miran"]
[Black "Akhmedinov, Satbek"]
[WhiteFideId "4122488"]
[BlackFideId "13714287"]
[WhiteElo "2357"]
[BlackElo "1889"]
[Result "1-0"]
[Round "01"]
[TimeControl "180+1"]
[Date "2022.04.19"]
[WhiteClock "0:00:08"]
[BlackClock "0:00:02"]

1. e4 c5 2. Nf3 Nc6 3. c3 Nf6 4. e5 Nd5 5. d4 cxd4 6. cxd4 d6 7. Bc4 e6 8. O-O dxe5 9. dxe5 Be7 10. Bd2 O-O 11. Nc3 Nb6 12. Bb3 Nd4 13. Nxd4 Qxd4 14. Qe2 Nd7 15. Rfe1 Nxe5 16. Rad1 Nc6 17. Bc2 f5 18. Bb3 Bf6 19. Nb5 Qb6 20. Be3 Qa5 21. Bc5 Rd8 22. Bxe6+ Kh8 23. b4 Nxb4 24. Bxc8 Rdxc8 25. Bxb4 Qxb4 26. Nd6 Rf8 27. Qe6 Bc3 28. Re3 g6 29. Nf7+ Kg7 30. Ng5 Rad8 31. Rd7+ Rxd7 32. Qxd7+ Kh6 33. h4 Bg7 34. Nf7+ Kh5 35. Rg3 Rxf7 36. Qxf7 Qb1+ 37. Kh2 Qb2 38. f4 Qd4 39. Qe7 Qf6 40. Qxf6 Bxf6 41. Rb3 b6 42. g3 a5 43. Kh3 Be7 44. Rxb6 Bb4 45. Rb7 h6 46. Rh7 Bc5 47. Kg2 Be3 48. Kf3 Bd2 49. Rd7 Bb4 50. Rd5 a4 51. Rb5 Bc3 52. Rb6 Bb2 53. Rxb2 1-0


[Site "https://www.chess.com"]

[Event "Titled Tuesday Blitz April 19 Early 2022"]
[White "Omariev, Maksim"]
[Black "Korchmar, Vasiliy"]
[WhiteFideId "4193423"]
[BlackFideId "24131750"]
[WhiteElo "2466"]
[BlackElo "2370"]
[Result "1-0"]
[Round "01"]
[TimeControl "180+1"]
[Date "2022.04.19"]
[WhiteClock "0:00:09"]
[BlackClock "0:00:01"]

1. g4 g6 2. Bg2 Bg7 3. h3 d5 4. d4 c5 5. c3 cxd4 6. cxd4 Nc6 7. Nf3 Nf6 8. Nc3 Ne4 9. Qd3 h5 10. Nxe4 dxe4 11. Qxe4 hxg4 12. hxg4 Rxh1+ 13. Bxh1 Nxd4 14. Nxd4 Qxd4 15. Qxd4 Bxd4 16. Bf3 Bd7 17. Rb1 Rc8 18. Bxb7 Rb8 19. Bf3 Bc3+ 20. Kd1 a5 21. Kc2 Bf6 22. Bf4 Rc8+ 23. Kd2 a4 24. b3 a3 25. Rc1 Rd8 26. Bc7 Rc8 27. Bb7 Bb2 28. Rc2 Rxc7 29. Rxc7 Be6 30. Kc2 Bxg4 31. f3 Bf5+ 32. e4 Bh3 33. Bc6+ Kd8 34. Rb7 Bg2 35. f4 f6 36. b4 g5 37. fxg5 fxg5 38. b5 g4 39. Rd7+ Kc8 40. Rxe7 Bf3 41. e5 Bd4 42. e6 1-0


[Site "https://www.chess.com"]

[Event "Titled Tuesday Blitz April 19 Early 2022"]
[White "Orlov, Georgi"]
[Black "Sarana, Alexey"]
[WhiteFideId "2011271"]
[BlackFideId "24133795"]
[WhiteElo "2523"]
[BlackElo "2666"]
[Result "0-1"]
[Round "01"]
[TimeControl "180+1"]
[Date "2022.04.19"]
[WhiteClock "0:00:07"]
[BlackClock "0:00:05"]

1. e4 c5 2. Nf3 d6 3. d4 cxd4 4. Nxd4 Nf6 5. Nc3 a6 6. Be2 e5 7. Nb3 Be7 8. O-O O-O 9. Be3 Be6 10. a4 Nc6 11. f4 exf4 12. Rxf4 Nd7 13. Qd2 Nde5 14. Nd5 Bg5 15. Rf2 Bxe3 16. Qxe3 Bxd5 17. exd5 Ne7 18. c4 Rc8 19. Qd4 Qc7 20. Rc1 Rfd8 21. a5 g6 22. g4 Re8 23. Rc3 Rcd8 24. Rh3 Kg7 25. Qf4 Ng8 26. g5 b6 27. Nd2 Rf8 28. Ne4 f5 29. gxf6+ Kh8 30. Qh4 Rd7 31. Ng5 bxa5 32. Ne6 Qb8 33. Nxf8 Qxf8 34. f7 Rxf7 35. c5 dxc5 36. Rxf7 Qxf7 37. d6 Nf6 38. Qf4 Ned7 39. Bg4 Qd5 40. Bxd7 Qd1+ 41. Kg2 Nxd7 42. Re3 Qd5+ 43. Kg3 g5 44. Re8+ Kg7 45. Re7+ Kh6 46. Qf3 Qxd6+ 47. Kg4 Qxe7 48. Qc6+ Kg7 49. Kf5 Qe5+ 50. Kg4 Qf4+ 51. Kh3 Nf6 52. Qb7+ Kh6 53. Qxa6 Qg4# 0-1


[Site "https://www.chess.com"]

[Event "Titled Tuesday Blitz April 19 Early 2022"]
[White "Palachev, Petr"]
[Black "Bas Mas, Jose Joaquin"]
[WhiteFideId "24129003"]
[BlackFideId "22219064"]
[WhiteElo "2339"]
[BlackElo "2212"]
[Result "1-0"]
[Round "01"]
[TimeControl "180+1"]
[Date "2022.04.19"]
[WhiteClock "0:00:45"]
[BlackClock "0:00:29"]

1. d4 f5 2. c4 Nf6 3. g3 e6 4. Bg2 Bb4+ 5. Bd2 Be7 6. Nc3 O-O 7. Nf3 a5 8. O-O Ne4 9. Qc2 Nxc3 10. Bxc3 Bf6 11. e4 fxe4 12. Qxe4 Nc6 13. Ne5 Bxe5 14. dxe5 Qe7 15. f4 b6 16. f5 exf5 17. Qd5+ Kh8 18. e6 Bb7 19. Qxd7 Qxd7 20. exd7 Nd8 21. Rae1 Bxg2 22. Kxg2 Kg8 23. Re8 Nc6 24. Re6 Nd8 25. Re7 Nf7 26. Rxf5 Rad8 27. c5 bxc5 28. Rxc5 g6 29. Rxc7 h5 30. h4 Kh7 31. Bxa5 Kh6 32. Rb7 Ra8 33. Rxf7 Rxf7 34. d8=Q Rxd8 35. Rxf7 Ra8 36. Bd2+ g5 37. hxg5+ Kg6 38. Rf6+ Kg7 39. Bc3 Kg8 40. g6 1-0


[Site "https://www.chess.com"]

[Event "Titled Tuesday Blitz April 19 Early 2022"]
[White "Papp, Levente"]
[Black "Bernat, David"]
[WhiteFideId "751243"]
[BlackFideId "2099225"]
[WhiteElo "2308"]
[BlackElo "2293"]
[Result "1-0"]
[Round "01"]
[TimeControl "180+1"]
[Date "2022.04.19"]
[WhiteClock "0:00:35"]
[BlackClock "0:00:04"]

1. c4 c5 2. g3 g6 3. Bg2 Bg7 4. Nc3 e5 5. e3 Ne7 6. Nge2 Nbc6 7. O-O O-O 8. a3 d6 9. Rb1 a5 10. Nd5 Rb8 11. Nec3 Be6 12. d3 f5 13. b4 cxb4 14. axb4 axb4 15. Nxb4 Nxb4 16. Rxb4 Nc6 17. Ra4 e4 18. d4 d5 19. cxd5 Bxd5 20. Nxd5 Qxd5 21. Qe2 b5 22. Ra1 b4 23. Bb2 Na5 24. Rfd1 Rfc8 25. f3 Qc4 26. Qf2 Nb3 27. Rab1 exf3 28. Qxf3 Qc2 29. Qd5+ Kh8 30. Qd7 Nd2 31. Rbc1 Rd8 32. Qxd8+ Rxd8 33. Rxc2 Nb3 34. d5 1-0


[Site "https://www.chess.com"]

[Event "Titled Tuesday Blitz April 19 Early 2022"]
[White "Papp, Petra"]
[Black "Lou, Yiping"]
[WhiteFideId "739049"]
[BlackFideId "8603928"]
[WhiteElo "2259"]
[BlackElo "2412"]
[Result "0-1"]
[Round "01"]
[TimeControl "180+1"]
[Date "2022.04.19"]
[WhiteClock "0:00:47"]
[BlackClock "0:01:09"]

1. e4 c6 2. d4 d5 3. Nd2 dxe4 4. Nxe4 Bf5 5. Ng3 Bg6 6. h4 h6 7. Nf3 Nd7 8. h5 Bh7 9. Bd3 Bxd3 10. Qxd3 e6 11. Bd2 Ngf6 12. O-O-O Bd6 13. Ne4 Bc7 14. Kb1 Nxe4 15. Qxe4 Nf6 16. Qe2 Qd5 17. Ka1 b5 18. Ne5 O-O 19. g4 Qxd4 20. Nxc6 Qc5 21. Nb4 Rfd8 22. g5 hxg5 23. h6 a5 24. Nd3 Qxc2 25. Bxg5 Qxe2 26. hxg7 Rxd3 27. Rdg1 Nh7 28. Bf6 Be5 0-1


[Site "https://www.chess.com"]

[Event "Titled Tuesday Blitz April 19 Early 2022"]
[White "Paravyan, David"]
[Black "Saksham, Rautela"]
[WhiteFideId "4194985"]
[BlackFideId "35046977"]
[WhiteElo "2569"]
[BlackElo "1990"]
[Result "1-0"]
[Round "01"]
[TimeControl "180+1"]
[Date "2022.04.19"]
[WhiteClock "0:01:38"]
[BlackClock "0:00:01"]

1. e4 e5 2. Nf3 Nc6 3. Nc3 Nf6 4. d4 exd4 5. Nxd4 Bb4 6. Nxc6 bxc6 7. Bd3 d5 8. exd5 cxd5 9. O-O O-O 10. Bg5 c6 11. Qf3 h6 12. Bxf6 Qxf6 13. Qxf6 gxf6 14. Ne2 Re8 15. Nd4 Bb7 16. c3 Bf8 17. b4 a5 18. a3 axb4 19. axb4 c5 20. bxc5 Bxc5 21. Rab1 Rab8 22. Rb5 Bxd4 23. cxd4 Ba8 24. Ra1 Rxb5 25. Bxb5 Rb8 26. Bf1 Kg7 27. Ra6 Rc8 28. g3 Bc6 29. Ra5 Rb8 30. Rc5 Ba8 31. h4 Rb4 32. Rc8 Bb7 33. Rb8 1-0


[Site "https://www.chess.com"]

[Event "Titled Tuesday Blitz April 19 Early 2022"]
[White "Petrova, Irina"]
[Black "Ezat, Mohamed"]
[WhiteFideId "14124122"]
[BlackFideId "10600906"]
[WhiteElo "1993"]
[BlackElo "2386"]
[Result "0-1"]
[Round "01"]
[TimeControl "180+1"]
[Date "2022.04.19"]
[WhiteClock "0:00:17"]
[BlackClock "0:01:08"]

1. e4 Nf6 2. e5 Nd5 3. d4 d6 4. c4 Nb6 5. exd6 exd6 6. Nc3 Be7 7. h3 O-O 8. Nf3 Bf5 9. Be2 Bf6 10. O-O Re8 11. b3 c5 12. Bb2 Nc6 13. d5 Nd4 14. Nxd4 cxd4 15. Nb5 d3 16. Bxd3 Bxb2 17. Bxf5 Bxa1 18. Qxa1 a6 19. Nd4 Qf6 20. Qd1 Re5 21. Bb1 Rae8 22. Qd3 g6 23. Nf3 Re2 24. b4 Nd7 25. Qa3 Ne5 26. Nxe5 R8xe5 27. Qd3 Re1 28. Rxe1 Rxe1+ 29. Kh2 Qf4+ 30. Qg3 Qxg3+ 31. Kxg3 Rxb1 32. c5 Rxb4 33. cxd6 Rd4 34. d7 Rxd5 0-1


[Site "https://www.chess.com"]

[Event "Titled Tuesday Blitz April 19 Early 2022"]
[White "Petrovskyi, Vadym"]
[Black "Prohorov, Olexandr"]
[WhiteFideId "14165210"]
[BlackFideId "14105578"]
[WhiteElo "2400"]
[BlackElo "1993"]
[Result "1/2-1/2"]
[Round "01"]
[TimeControl "180+1"]
[Date "2022.04.19"]
[WhiteClock "0:01:39"]
[BlackClock "0:01:30"]

1. e4 c6 2. d4 d5 3. Nc3 dxe4 4. Nxe4 Bf5 5. Ng3 Bg6 6. Nf3 e6 7. h4 h5 8. Ne5 Ne7 9. Nxg6 Nxg6 10. Nxh5 Qa5+ 11. c3 Qxh5 12. Be2 Qd5 13. Bf3 Qd8 14. g3 Bd6 15. Qb3 Qb6 16. Qc2 Nd7 17. Be3 O-O-O 18. a4 Qc7 19. a5 a6 1/2-1/2


[Site "https://www.chess.com"]

[Event "Titled Tuesday Blitz April 19 Early 2022"]
[White "Pham, Tran Gia Phuc"]
[Black "Shuvalov, Evgenij"]
[WhiteFideId "12415669"]
[BlackFideId "4187237"]
[WhiteElo "1789"]
[BlackElo "2130"]
[Result "1/2-1/2"]
[Round "01"]
[TimeControl "180+1"]
[Date "2022.04.19"]
[WhiteClock "0:00:37"]
[BlackClock "0:00:15"]

1. e4 e6 2. d4 d5 3. Nc3 Bb4 4. e5 c5 5. a3 Bxc3+ 6. bxc3 Ne7 7. Qg4 cxd4 8. cxd4 Qc7 9. Bd2 Qxc2 10. Rc1 Qe4+ 11. Qxe4 dxe4 12. Bb4 Nbc6 13. Ne2 Nxb4 14. axb4 Nd5 15. b5 Bd7 16. Ng3 e3 17. Ne4 Ke7 18. Bc4 exf2+ 19. Kxf2 f5 20. Nd6 Nb6 21. Nxb7 Nxc4 22. Rxc4 Rhc8 23. Rxc8 Rxc8 24. Ra1 Rc2+ 25. Kg3 Bxb5 26. Rxa7 Rc7 27. Kf4 Bf1 28. g3 Bg2 29. Nd6 Rxa7 30. Nc8+ Kd7 31. Nxa7 Bf1 32. d5 exd5 33. Kxf5 Kc7 34. e6 d4 35. Ke4 Kd6 36. Nb5+ Kxe6 37. Nxd4+ Kf6 38. h4 Ba6 39. Kf4 Bc8 40. Nc6 Bd7 41. Ne5 Be8 42. g4 Ke6 43. Nf3 h6 44. Nd4+ Kf6 45. Nf5 g5+ 46. hxg5+ hxg5+ 47. Ke4 Bd7 48. Ne3 Be6 49. Nd5+ Kg6 50. Ke5 Bxg4 51. Ne3 Bd7 52. Ke4 Kf6 53. Kf3 Be6 54. Ng4+ Bxg4+ 55. Kxg4 Kg6 56. Kg3 Kf5 57. Kf3 g4+ 58. Kg3 Kg5 59. Kg2 Kh4 60. Kh2 Kh5 61. Kg3 Kg5 62. Kg2 Kf4 63. Kf2 g3+ 64. Kg2 Kg4 65. Kg1 Kf3 66. Kf1 Ke3 67. Kg2 Kf4 68. Kg1 Kg4 69. Kg2 Kh4 70. Kg1 Kh3 71. Kh1 g2+ 72. Kg1 Kg3 1/2-1/2


[Site "https://www.chess.com"]